 Dungeon Crawl Stone Soup version 0.28-a0-97-g102d6777a4 (webtiles) character file.

Game seed: 4856974196960120082

81 Malachi the Magician (level 4, -2/31 HPs)
             Began as a Djinni Fire Elementalist on Aug 9, 2021.
             Killed by nerve-wracking pain
             ... invoked by an orc priest
              (14 damage)
             ... on level 3 of the Dungeon.
             The game lasted 00:15:30 (3972 turns).

Malachi the Magician (Djinni Fire Elementalist)     Turns: 3972, Time: 00:15:31

Health: -2/31      AC:  4    Str:  7    XL:     4   Next: 67%
Gold:   142        EV: 12    Int: 18    God:
                   SH:  0    Dex: 13

rFire   + + .      SeeInvis .   k - +2 dagger (venom)
rCold   x . .      Faith    .   (no shield)
rNeg    . . .      Spirit   .   a - +0 robe
rPois   ∞          Reflect  .   (no helmet)
rElec   .          Harm     .   c - +1 cloak
rCorr   .          Rampage  .   (no gloves)
Will    .....                   (boots unavailable)
Stlth   ++........              (no amulet)
HPRegen 0.10/turn               (no ring)
MPRegen 0.00/turn               (no ring)

@: flying
A: sickness immunity, fire resistance 2, cold vulnerability 1, float, innate
caster, hp casting, extra vitality 1
a: no special abilities


You were on level 3 of the Dungeon.
You visited 1 branch of the dungeon, and saw 3 of its levels.

You collected 142 gold pieces.

Inventory:

Hand Weapons
 k - a +2 dagger of venom (weapon)
Missiles
 g - a throwing net
Armour
 a - a +0 robe (worn)
 c - a +1 cloak (worn)
Scrolls
 b - 3 scrolls of noise
 d - a scroll of enchant weapon {unknown}
 j - 2 scrolls of torment
 l - a scroll of identify
Potions
 f - a potion of curing {unknown}
 h - a potion of might {unknown}


   Skills:
 + Level 0.1 Fighting
 + Level 0.4 Short Blades
 + Level 2.4 Dodging
 + Level 1.9 Stealth
 * Level 3.6 Spellcasting


You couldn't memorise any spells.
You knew the following spells:

 Your Spells              Type           Power      Damage    Failure   Level
a - Foxfire               Conj/Fire      64%        2x1d7     3%          1
b - Conjure Flame         Conj/Fire      16%        6-21      10%         3
c - Inner Flame           Hex/Fire       16%        N/A       10%         3
d - Sticky Flame          Conj/Fire      16%        2d4       32%         4
e - Fireball              Conj/Fire      8%         3d6       67%         5
f - Freeze                Ice            64%        1d8       3%          1
Your spell library was empty.

Dungeon Overview and Level Annotations

Branches:
Dungeon (3/15)

Altars:
Dithmenos

Annotations:
D:3 Grinder


Innate Abilities, Weirdness & Mutations

You are immune to sickness and miasma.
You are immune to poison.
Your flesh is very heat resistant. (rF++)
You are vulnerable to cold. (rC-)
You float through the air rather than walking.
You learn spells naturally, not from books.
Your magical power is your life essence.
You have superior vitality. (+4 HP)


Message History

The orc shouts!
The orc priest shouts!
An orc wizard comes into view. It is wielding a +0 dagger.
Your foxfire dissipates!
You start resting.
An orc is nearby!
You hit the orc.
The orc is poisoned.
The orc is lightly wounded.
The orc hits you with a +0 short sword.
You hit the orc.
The orc is moderately wounded.
You hit the orc priest but do no damage.
The orc closely misses you.
The orc priest calls upon Beogh to heal the orc.
The orc's wounds heal themselves!
You hit the orc priest but do no damage.
The orc priest is poisoned.
The orc hits you with a +0 short sword. The orc priest closely misses you.
Unknown command.
The orc priest invokes the aid of Beogh against you.
Pain shoots through your body!
Casting: Foxfire (safe; 3% risk of failure)
Confirm with . or Enter, or press ? or * to list all spells.
You conjure some foxfire!
The orc barely misses you.
The foxfire hits the orc priest.
The orc priest is lightly wounded.
Your foxfire dissipates!
You kill the orc!
Casting: Foxfire (safe; 3% risk of failure)
Confirm with . or Enter, or press ? or * to list all spells.
You conjure some foxfire!
The foxfire hits the orc priest.
The orc priest is moderately wounded.
Your foxfire dissipates!
Casting: Foxfire (safe; 3% risk of failure)
Confirm with . or Enter, or press ? or * to list all spells.
You conjure some foxfire!
The foxfire hits the orc priest.
The orc priest is severely wounded.
Your foxfire dissipates!
The orc priest mumbles some strange prayers to Beogh against you.
Pain shoots through your body!
You die...

******** #.# #.# ,,,,,,,***** #.#
######.# ,,,,,,,+,,,*
#.###......# ###### ,,,,,,,***,*
#...'......###....# ,,,,,,,***,*
#####.............#
*+*,,,,,..,#######...............
*,***+**#.,#.oo..................
*,* *,,,.o,#.##.#.#.#+#..(......#
*,* *,,*#.,#.###@#...........#.#.
*,* #.,*#o,#o##.#...........#.#.#
*,*##..##.##)###.#.....#.#.#.#.#.
*,,.....§.#..##.#.#+#.#.#.#.#.#.#
*******#.......#.#.#.#.#.#.#.#.#.
#.##..##.#.#.#.#.#.#.#.#.#
#.*#..###.#.#.#.#.#.#.#.#.
****####.##.....#.#.#.#.#.#.#.#.#
,,,,.........###.#.#.#.#.#.#.#.#.


You could see an orc priest (poisoned) and an orc wizard.

Vanquished Creatures
  An adder (D:2)
  2 worms
  An orc (D:3)
  7 bats
  4 endoplasms
  2 giant cockroaches (D:1)
  10 goblins
  6 hobgoblins (D:1)
  2 jackals (D:1)
  10 kobolds
  A quokka (D:3)
  5 ball pythons
  2 frilled lizards
  8 rats
61 creatures vanquished.

Vanquished Creatures (others)
  91 foxfires
91 creatures vanquished.

Grand Total: 152 creatures vanquished

Notes
Turn   | Place    | Note
-------+----------+-------------------------------------------
     0 | D:1      | Malachi the Djinni Fire Elementalist began the quest for
                  | the Orb.
     0 | D:1      | Reached XP level 1. HP: 15/15 MP: 0/0
   186 | D:1      | Reached XP level 2. HP: 17/21 MP: 0/0
   579 | D:1      | Reached skill level 3 in Spellcasting
   624 | D:1      | Reached XP level 3. HP: 22/25 MP: 0/0
   624 | D:1      | Learned a level 1 spell: Freeze
  1087 | D:1      | Found a faded altar of an unknown god.
  2140 | D:2      | Reached XP level 4. HP: 26/31 MP: 0/0
  3355 | D:3      | Noticed Grinder
  3356 | D:3      | Paralysed by Grinder for 6 turns
  3748 | D:3      | Found a shadowy altar of Dithmenos.
  3972 | D:3      | Killed from afar by an orc priest

Illustrated notes

Levels and vault maps discovered:
D:1:      scummos_arrival_star, layout_basic, hellmonk_ecumenical_altar_lost_god
D:2:      layout_loops_corners
D:3:      layout_basic, nicolae_dithmenos_the_darkroom,
          nicolae_ashenzari_panopticon, minmay_misc_feat_rows,
          kennysheep_generic_room_9, uniq_robin, uniq_grinder

Skill      XL: |  1  2 |
---------------+-------+-----
Spellcasting   | 3 |  3.6
Fighting       | |  0.1
Short Blades   | |  0.4
Dodging        | |  2.4
Stealth        | |  1.9

Action                   |  1- 3 |  4- 6 || total
-------------------------+-------+-------++-------
Melee: Dagger            |    27 |    32 ||    59
 Cast: Foxfire           |    50 |    29 ||    79
       Freeze            |     4 |       ||     4
       Conjure Flame     |     1 |     2 ||     3
  Use: Scroll            |     3 |     5 ||     8
       Potion            |       |     1 ||     1
 Stab: Sleeping          |     3 |       ||     3
Armor: Robe              |    12 |     6 ||    18
Dodge: Dodged            |    36 |    18 ||    54

Table legend: (Time is in decaauts)
 A = Elapsed time spent in this place.
 B = Non-inter-level travel time spent in this place.
 C = Inter-level travel time spent in this place.
 D = Time resting spent in this place.
 E = Time spent auto-exploring this place.
 F = Levels seen in this place.
 G = Mean time per level.
                   A        B        C        D        E       F      G
               +--------+--------+--------+--------+--------+-----+--------+
         Total |   3970 |   3915 |     55 |    936 |   2156 |   3 | 1323.3 |
       Dungeon |   3970 |   3915 |     55 |    936 |   2156 |   3 | 1323.3 |
               +--------+--------+--------+--------+--------+-----+--------+

Top non-repeatable levels by time:
     D:2: 1904 daAuts
     D:1: 1457 daAuts
     D:3: 609 daAuts
